 Dungeon Crawl Stone Soup version 0.30-a0-778-g2ef04afb54 (webtiles) character file.

Game seed: 17663519713205985702

277 sircluck the Chopper (level 6, -1/53 HPs)
             Began as a Hill Orc Fighter on Feb 16, 2023.
             Slain by a gnoll
             ... wielding a +0 halberd
              (10 damage)
             ... on level 3 of the Dungeon.
             The game lasted 00:03:37 (2539 turns).

sircluck the Chopper (Hill Orc Fighter)             Turns: 2539, Time: 00:03:37

Health: -1/53      AC:  7    Str: 21    XL:     6   Next: 25%
Magic:  6/6        EV:  9    Int:  8    God:
Gold:   82         SH:  5    Dex: 16    Spells: 4/5 levels left

rFire   . . .      SeeInvis .    a - +0 war axe
rCold   . . .      Faith    +    c - +0 buckler
rNeg    . . .      Spirit   .    b - +0 scale mail
rPois   .          Reflect  .    (no helmet)
rElec   .          Harm     .    (no cloak)
rCorr   .          Rampage  .    (no gloves)
Will    .....                    (no boots) Stlth
                                 l - amulet of faith
HPRegen 0.28/turn                q - +6 ring of dexterity
MPRegen 0.10/turn                (no ring)

@: no status effects
A: no striking features
a: no special abilities


You were on level 3 of the Dungeon.
You visited 1 branch of the dungeon, and saw 3 of its levels.

You collected 82 gold pieces.

Inventory:

Hand Weapons
 a - a +0 war axe (weapon)
Missiles
 i - 22 stones (quivered)
 t - 5 poisoned darts
Armour
 b - a +0 scale mail (worn)
 c - a +0 buckler (worn)
Jewellery
 l - an amulet of faith (around neck)
 q - a +6 ring of dexterity (left hand)
Wands
 h - a wand of charming (7)
Scrolls
 e - a scroll of vulnerability {unknown}
 f - a scroll of amnesia {unknown}
 g - a scroll of magic mapping {unknown}
 k - a scroll of noise {unknown}
 m - a scroll of poison {unknown}
 n - 3 scrolls of identify {unknown}
 p - 2 scrolls of teleportation {unknown}
Potions
 d - a potion of might
 j - a potion of attraction {unknown}
 o - 2 potions of curing {unknown}
 r - a potion of invisibility {unknown}
 s - a potion of resistance {unknown}


   Skills:
 + Level 4.6 Fighting
 + Level 6.0 Axes
 + Level 4.2 Armour
 + Level 0.8 Dodging
 + Level 0.1 Stealth
 + Level 4.2 Shields


You had 4 spell levels left.
You knew the following spells:

 Your Spells              Type           Power      Damage    Failure   Level
a - Sting                 Tmut/Pois      0%         1d3       83%         1

Your spell library contained the following spells:

 Spells                   Type           Power      Damage    Failure   Level
 Poisonous Vapours        Pois/Air       0%         N/A       92%         2
 Olgreb's Toxic Radiance  Pois           0%         N/A       100%        4


Dungeon Overview and Level Annotations

Branches:
Dungeon (3/15)

Altars:
Cheibriados
Okawaru
Vehumet


Message History

A gnoll comes into view. It is wielding a +0 spear.
The gnoll shouts!
A gnoll comes into view. It is wielding a +0 flail.
The gnoll shouts!
A gnoll comes into view. It is wielding a +0 whip.
The gnoll moves out of view.
A gnoll comes into view. It is wielding a +0 halberd.
The gnoll shouts! x2
The gnoll barely misses you.
You slash the gnoll!
You kill the gnoll!
You see here a +0 spear.
The gnoll hits you but does no damage. The gnoll hits you with a +0 whip.
The gnoll hits you with a +0 halberd.
You closely miss the gnoll. You hit the gnoll. You barely miss the gnoll.
The gnoll hits you with a +0 halberd. The gnoll hits you with a +0 flail.
You block the gnoll's attack.
You slash the gnoll!
You kill the gnoll!
You hit the gnoll. x2; The gnoll hits you but does no damage.
The gnoll hits you with a +0 halberd!
Your Axes skill increases to level 6!
You are too injured to fight recklessly!
You are too injured to fight recklessly!
You are too injured to fight recklessly!
You are too injured to fight recklessly!
You are too injured to fight recklessly!
You are too injured to fight recklessly!
You are too injured to fight recklessly!
You are too injured to fight recklessly!
You are too injured to fight recklessly!
You are too injured to fight recklessly!
You are too injured to fight recklessly!
You are too injured to fight recklessly!
You hit the gnoll.
The gnoll is almost dead.
You barely miss the gnoll. The gnoll hits you with a +0 halberd!
* * * LOW HITPOINT WARNING * * *
The gnoll completely misses you. The gnoll hits you with a +0 halberd!
You die...

#......#
#.............#
........#
##........###.#
##......# #........#
#.# #......# ##....[..#
#.# #......#
#.......###'#
#####.##.....
#############...##†....
#....g........#.##.....
#....g@)......#.##.....
+....)........#........
#.............###......
#............## #......
#............####......
#...............# ####
#...............#
###.............#
#.....<#


You could see 2 gnolls.

Vanquished Creatures
  Grinder (D:3)
  2 gnolls (D:3)
  3 adders (D:3)
  2 dart slugs
  An endoplasm (D:2)
  2 giant cockroaches (D:3)
  10 goblins
  2 hobgoblins
  4 jackals (D:1)
  6 ball pythons
  6 bats
  2 frilled lizards
  5 kobolds
  4 rats
50 creatures vanquished.

Notes
Turn   | Place    | Note
-------+----------+-------------------------------------------
     0 | D:1      | sircluck the Hill Orc Fighter began the quest for the Orb.
     0 | D:1      | Reached XP level 1. HP: 19/19 MP: 1/1
    69 | D:1      | Reached XP level 2. HP: 27/27 MP: 2/2
   479 | D:1      | Reached skill level 3 in Axes
   487 | D:1      | Learned a level 1 spell: Sting
   517 | D:1      | Reached XP level 3. HP: 33/33 MP: 3/3
   905 | D:2      | Found a snail-covered altar of Cheibriados.
  1037 | D:2      | Identified the +6 short sword of Agony {venom, rC+ Str+4}
  1838 | D:3      | Reached skill level 4 in Axes
  1838 | D:3      | Reached XP level 4. HP: 25/40 MP: 4/4
  2078 | D:3      | Found a radiant altar of Vehumet.
  2079 | D:3      | Found an iron altar of Okawaru.
  2079 | D:3      | Noticed Grinder
  2086 | D:3      | Killed Grinder
  2087 | D:3      | Reached skill level 5 in Axes
  2087 | D:3      | Reached XP level 5. HP: 14/47 MP: 5/5
  2087 | D:3      | Reached XP level 6. HP: 16/53 MP: 6/6
  2539 | D:3      | Reached skill level 6 in Axes
  2539 | D:3      | Slain by a gnoll

Illustrated notes

Levels and vault maps discovered:
D:1:      tarquinn_simple_flora_water_a, layout_loops_ring
D:2:      layout_basic, basic_altar, chequers_serial_rivers_large_a
D:3:      layout_basic, gammafunk_temple_overflow_pools, feat_on_display,
          uniq_grinder

Skill      XL: |  1  2  3  4  5  6 |
---------------+-------------------+-----
Fighting       | 4 |  4.6
Axes           | 3 4 5 6 |  6.0
Armour         | 4 |  4.2
Shields        | 4 |  4.2
Dodging        | |  0.8
Stealth        | |  0.1

Action                     |  1- 3 |  4- 6 || total
---------------------------+-------+-------++-------
  Melee: War axe           |   104 |    37 ||   141
 Armour: Scale mail        |    53 |    15 ||    68
  Dodge: Dodged            |    60 |    22 ||    82
  Block: Buckler           |    30 |     6 ||    36

Table legend: (Time is in decaauts)
 A = Elapsed time spent in this place.
 B = Non-inter-level travel time spent in this place.
 C = Inter-level travel time spent in this place.
 D = Time resting spent in this place.
 E = Time spent auto-exploring this place.
 F = Levels seen in this place.
 G = Mean time per level.
                   A        B        C        D        E       F      G
               +--------+--------+--------+--------+--------+-----+--------+
         Total |   2601 |   2049 |    552 |      0 |   1623 |   3 |  867.0 |
       Dungeon |   2601 |   2049 |    552 |      0 |   1623 |   3 |  867.0 |
               +--------+--------+--------+--------+--------+-----+--------+

Top non-repeatable levels by time:
     D:2: 990 daAuts
     D:1: 870 daAuts
     D:3: 740 daAuts
